cohdb
Replays
Latest Replays
All Replays
Popular Replays
Top Player Replays
Match Explorer
How It Works
Community
CoH3 Stats
Reddit
Sign in to upload your games and track your stats! →
Sign in with Steam
Match 27414676
Unlisted
Match 27414676
Overview
Messages
Build Orders
End
Selects Advanced Infantry Battlegroup
Construct Barracks
Riflemen Squad
Riflemen Squad
Riflemen Squad
Grenade Package
Mechanized Support Center
Construct Medical Station
Selects Convert to Ranger Squad
Construct Weapon Support Center
Convert to Ranger Squad
M3 Armored Personnel Carrier
Designate Forward Repair Station
Bazooka Squad
Sniper
Selects Ammunition Storage
Improved M9 Bazooka Rockets
Bazooka Squad
Zulu
Orangepest
0
0
Comments
sign in to comment!
No comments posted yet!